Bears vs Condors
Created - November 9, 2025 at 19:09
Goals
|
| Bears |
2 |
2 |
1 |
5 |
| Condors |
2 |
2 |
3 |
7 |
|
Shots
|
| Bears |
17 |
8 |
10 |
35 |
| Condors |
7 |
18 |
10 |
35 |
|
1st period
1. Bears , Nicholas Caamano 1 (Tanner Laczynski 3, Cole Ully 2) at 12:35
2. Condors , Klim Kostin 1 (Nick Shore 1, Pontus Holmberg 2) at 13:54
3. Bears , Kevin Rooney 2 (Cole Smith 3, Nathan Bastian 4) at 15:39 (PP)
4. Condors , Michael Anderson 1 (Pontus Holmberg 3, Dylan Holloway 1) at 17:59
Penalties :
Dylan Holloway (Bak) for High sticking (Minor) at 14:56
2nd period
5. Condors , Taro Hirose 1 (Dylan Holloway 2, Colin White 1) at 2:34
6. Bears , Tanner Laczynski 3 (Jesper Pettersson 1) at 10:56
7. Condors , Martin Frk 1 (Nick Shore 2) at 15:10 (PP)
8. Bears , Eric Karlsson 1 (Vincent Dunn 1, Nathan Bastian 5) at 16:06
Penalties :
Evan Bouchard (Bak) for Interference (Minor) at 0:13, Nicholas Caamano (Her) for Delaying the game (Minor) at 15:08
3rd period
9. Condors , Cody Glass 1 (Ryan McLeod 2) at 2:57
10. Condors , Pontus Holmberg 1 (Colin White 2, Dylan Holloway 3) at 7:10
11. Bears , Tanner Laczynski 4 (Nicholas Caamano 2, Cole Ully 3) at 8:41
12. Condors , Cody Glass 2 (Gustav Olofsson 1, Michael Anderson 2) at 10:57
Penalties :
No Penalty
Goalie Stats
Garret Sparks (Her), 23 saves from 29 shots - (0.793), L, 1-1-1, 47:10 minutes
Artyom Zagidulin (Her), 5 saves from 6 shots - (0.833), 12:50 minutes
Stuart Skinner (Bak), 30 saves from 35 shots - (0.857), W, 1-1-0, 60:00 minutes
Players Stats for Bears
Player Name G A P +/- PIM S H SB GA TA FO MP PP MP PK MP
------------------------------------------------------------------------------------
0 0 0 0 0 0 0 0 0 0 0/0 0:00 0:00 0:00
0 0 0 0 0 0 0 0 0 0 0/0 0:00 0:00 0:00
0 0 0 0 0 0 0 0 0 0 0/0 0:00 0:00 0:00
0 0 0 0 0 0 0 0 0 0 0/0 0:00 0:00 0:00
0 0 0 0 0 0 0 0 0 0 0/0 0:00 0:00 0:00
0 0 0 0 0 0 0 0 0 0 0/0 0:00 0:00 0:00
Blake Speers 0 0 0 -1 0 0 1 0 0 0 0/1 9:23 0:08 0:00
Cole Smith 0 1 1 -1 0 2 2 1 0 0 1/1 16:29 1:08 0:00
Cole Ully 0 2 2 0 0 1 0 0 0 0 1/2 22:14 1:26 0:02
Emil Johansson 0 0 0 -2 0 0 0 0 0 1 0/0 19:58 1:16 0:00
Eric Karlsson 1 0 1 0 0 5 2 1 0 0 0/0 12:35 0:08 0:00
Isaac Ratcliffe 0 0 0 -1 0 1 0 0 0 0 0/0 9:18 0:00 0:00
Jesper Pettersson 0 1 1 0 0 0 1 2 0 0 0/0 13:16 0:00 0:00
Kevin Rooney 1 0 1 -1 0 4 2 0 0 0 6/8 16:29 1:08 0:00
Kirill Maksimov 0 0 0 0 0 1 1 0 1 0 0/1 11:59 0:08 0:00
Michael Prapavessis 0 0 0 0 0 0 1 2 0 1 0/0 26:46 1:26 0:02
Nathan Bastian 0 2 2 -1 0 0 1 0 1 0 0/0 16:43 1:08 0:00
Nicholas Caamano 1 1 2 0 2 3 2 0 0 1 1/1 21:53 1:26 0:00
Ryan Graves 0 0 0 -2 0 1 0 1 0 0 0/0 19:58 1:16 0:00
Tanner Laczynski 2 1 3 0 0 7 0 2 2 0 13/33 22:14 1:26 0:02
Tim Gettinger 0 0 0 0 0 0 0 0 0 0 0/0 0:00 0:00 0:00
Tommy Vannelli 0 0 0 0 0 1 1 5 1 0 0/0 26:46 1:26 0:02
Vincent Dunn 0 1 1 0 0 1 2 0 0 1 2/3 11:40 0:00 0:00
Vladimir Tkachev 0 0 0 -1 0 7 1 0 0 0 0/0 9:00 0:00 0:00
Will Reilly 0 0 0 0 0 1 0 0 0 0 0/0 13:16 0:00 0:00
Players Stats for Condors
Player Name G A P +/- PIM S H SB GA TA FO MP PP MP PK MP
------------------------------------------------------------------------------------
0 0 0 0 0 0 0 0 0 0 0/0 0:00 0:00 0:00
0 0 0 0 0 0 0 0 0 0 0/0 0:00 0:00 0:00
0 0 0 0 0 0 0 0 0 0 0/0 0:00 0:00 0:00
0 0 0 0 0 0 0 0 0 0 0/0 0:00 0:00 0:00
0 0 0 0 0 0 0 0 0 0 0/0 0:00 0:00 0:00
0 0 0 0 0 0 0 0 0 0 0/0 0:00 0:00 0:00
0 0 0 0 0 0 0 0 0 0 0/0 0:00 0:00 0:00
Alexander Alexeyev 0 0 0 0 0 0 2 2 0 0 0/0 26:38 0:02 1:52
Cody Glass 2 0 2 2 0 7 0 0 2 0 0/1 16:08 0:00 0:00
Colin White 0 2 2 0 0 0 0 0 0 0 2/2 12:29 0:00 0:07
Connor Hurley 0 0 0 0 0 1 1 2 0 1 1/1 8:22 0:00 0:00
Connor McMichael 0 0 0 2 0 1 0 0 0 0 0/0 16:15 0:00 0:00
Dylan Holloway 0 3 3 0 2 1 1 0 0 1 0/0 12:48 0:00 0:27
Evan Bouchard 0 0 0 0 2 2 3 1 0 1 0/0 25:42 0:02 0:43
Gustav Olofsson 0 1 1 1 0 0 0 0 0 2 0/0 19:40 0:00 1:09
Jordan Spence 0 0 0 0 0 2 0 0 0 0 0/0 14:28 0:00 0:49
Klim Kostin 1 0 1 0 0 2 0 1 1 0 0/0 21:46 0:02 1:41
Martin Frk 1 0 1 0 0 4 1 0 0 0 3/5 20:05 0:02 0:00
Michael Anderson 1 1 2 2 0 3 0 1 0 0 0/0 19:37 0:00 0:44
Nick Shore 0 2 2 0 0 5 2 1 0 0 16/29 21:47 0:02 1:42
Nikolai Knyzhov 0 0 0 1 0 1 1 1 0 0 0/0 14:08 0:00 0:07
Pontus Holmberg 1 2 3 0 0 2 0 1 0 0 1/1 12:43 0:00 0:00
Ryan McLeod 0 1 1 2 0 2 3 0 1 0 3/10 16:44 0:00 0:50
Taro Hirose 1 0 1 0 0 2 1 0 0 0 0/1 9:34 0:00 0:37
Tyson Foerster 0 0 0 0 0 0 1 0 0 0 0/0 8:22 0:00 0:00
3 Stars
1 - Cody Glass (Bak)
2 - Tanner Laczynski (Her)
3 - Michael Anderson (Bak)
Power Play
Bears - 1 on 2 Attempt(s) - 50.00%
Condors - 1 on 1 Attempt(s) - 100.00%
Penalty Kill
Bears - 0 on 1 Attempt(s) - 0.00%
- Score 0 goal in Penalty Kill
Condors - 1 on 2 Attempt(s) - 50.00%
- Score 0 goal in Penalty Kill
Team Stat
Bears - Hits : 17 - Faceoff Wins : 24 - Blocked Shots : 14 - Penalty Minutes : 2
Condors - Hits : 16 - Faceoff Wins : 26 - Blocked Shots : 10 - Penalty Minutes : 4
Official
Referees : Trevor Hanson and Brad Meier
Linesman : James Tobias and Greg Devorski
Game Notes
Artyom Zagidulin enters game at 7:10 of 3rd period
8:41 of 3rd period - Bears goal is going for a video replay. After video review, Goal.
Finance
Level 1 -- Attendance: 1749 (87.45%) -- Ticket Income $122,430
Level 2 -- Attendance: 975 (97.50%) -- Ticket Income $39,000
Total Attendance: 2724 (90.80%)
Total Ticket Income: $161,430
Other Income: $8,072
Total Income: $169,502
Bears
5 vs 5 Forward
Center Left Wing Right Wing Time % Phy DF OF
1 Tanner Laczynski Cole Ully Nicholas Caamano 40 0 1 4
2 Kevin Rooney Cole Smith Nathan Bastian 30 0 1 4
3 Vincent Dunn Eric Karlsson Kirill Maksimov 20 0 2 3
4 Blake Speers Vladimir Tkachev Isaac Ratcliffe 10 0 2 3
5 vs 5 Defense
Defense Defense Time % Phy DF OF
1 Tommy Vannelli Michael Prapavessis 40 0 3 2
2 Emil Johansson Ryan Graves 30 0 3 2
3 Jesper Pettersson Will Reilly 20 0 3 2
4 Tommy Vannelli Michael Prapavessis 10 0 3 2
PowerPlay Forward
Center Left Wing Right Wing Time % Phy DF OF
1 Tanner Laczynski Cole Ully Nicholas Caamano 60 0 0 5
2 Kevin Rooney Cole Smith Nathan Bastian 40 0 0 5
PowerPlay Defense
Defense Defense Time % Phy DF OF
1 Tommy Vannelli Michael Prapavessis 60 0 2 3
2 Emil Johansson Ryan Graves 40 0 2 3
Penalty Kill 4 Players Forward
Center Wing Time % Phy DF OF
1 Tanner Laczynski Cole Ully 60 0 4 1
2 Cole Smith Kevin Rooney 40 0 4 1
Penalty Kill 4 Players Defense
Defense Defense Time % Phy DF OF
1 Tommy Vannelli Michael Prapavessis 60 0 4 1
2 Emil Johansson Ryan Graves 40 0 4 1
Penalty Kill - 3 Players Forward
Forward Time % Phy DF OF
1 Tanner Laczynski 60 0 5 0
2 Cole Ully 40 0 5 0
Penalty Kill - 3 Players Defense
Defense Defense Time % Phy DF OF
1 Tommy Vannelli Michael Prapavessis 60 0 5 0
2 Emil Johansson Ryan Graves 40 1 2 2
4 vs 4 Forward
Center Wing Time % Phy DF OF
1 Tanner Laczynski Cole Ully 60 0 2 3
2 Cole Smith Kevin Rooney 40 0 2 3
4 vs 4 Defense
Defense Defense Time % Phy DF OF
1 Tommy Vannelli Michael Prapavessis 60 0 3 2
2 Emil Johansson Ryan Graves 40 0 3 2
Last Minutes Offensive
Center Left Wing Right Wing Defense Defense
Tanner Laczynski Cole Ully Nicholas Caamano Tommy Vannelli Michael Prapavessis
Last Minutes Defensive
Center Left Wing Right Wing Defense Defense
Tanner Laczynski Cole Ully Nicholas Caamano Tommy Vannelli Michael Prapavessis
Goaltenders
Starting : Garret Sparks
Backup : Artyom Zagidulin
Extra Forwards
Normal : Tanner Laczynski, Cole Ully, Eric Karlsson - PP : Tanner Laczynski, Cole Ully - PK : Tanner Laczynski
Extra Defensemen
Normal : Jesper Pettersson, Will Reilly, Emil Johansson - PP : Jesper Pettersson - PK : Will Reilly, Emil Johansson
Penalty Shots
Tanner Laczynski, Cole Ully, Eric Karlsson, Kevin Rooney, Vladimir Tkachev
Custom OT Lines Forwards
Tanner Laczynski, Cole Ully, Cole Smith, Kevin Rooney, Eric Karlsson, Vladimir Tkachev, Vincent Dunn, Nicholas Caamano, Nathan Bastian, Blake Speers
Custom OT Lines Defensemen
Tommy Vannelli, Michael Prapavessis, Emil Johansson, Ryan Graves, Jesper Pettersson
Scratches
Oliver Tarnstrom (Healthy), David Farrance (Healthy), Mackenze Stewart (Healthy), Zack Hayes (Healthy), Mario Ferraro (Healthy)
Jakob Stenqvist (Healthy), Arvid Henrikson (Healthy), Jeremy Michel (Healthy)
Condors
5 vs 5 Forward
Center Left Wing Right Wing Time % Phy DF OF
1 Nick Shore Klim Kostin Martin Frk 40 1 2 2
2 Ryan McLeod Connor McMichael Cody Glass 30 1 2 2
3 Colin White Dylan Holloway Pontus Holmberg 20 1 2 2
4 Connor Hurley Taro Hirose Tyson Foerster 10 1 2 2
5 vs 5 Defense
Defense Defense Time % Phy DF OF
1 Evan Bouchard Alexander Alexeyev 40 1 2 2
2 Michael Anderson Gustav Olofsson 30 1 2 2
3 Jordan Spence Nikolai Knyzhov 20 1 2 2
4 Evan Bouchard Alexander Alexeyev 10 1 2 2
PowerPlay Forward
Center Left Wing Right Wing Time % Phy DF OF
1 Nick Shore Klim Kostin Martin Frk 60 1 2 2
2 Ryan McLeod Taro Hirose Cody Glass 40 1 2 2
PowerPlay Defense
Defense Defense Time % Phy DF OF
1 Evan Bouchard Alexander Alexeyev 60 1 2 2
2 Michael Anderson Gustav Olofsson 40 1 2 2
Penalty Kill 4 Players Forward
Center Wing Time % Phy DF OF
1 Nick Shore Klim Kostin 60 1 2 2
2 Ryan McLeod Taro Hirose 40 1 2 2
Penalty Kill 4 Players Defense
Defense Defense Time % Phy DF OF
1 Evan Bouchard Alexander Alexeyev 60 1 2 2
2 Michael Anderson Gustav Olofsson 40 1 2 2
Penalty Kill - 3 Players Forward
Forward Time % Phy DF OF
1 Nick Shore 60 1 2 2
2 Ryan McLeod 40 1 2 2
Penalty Kill - 3 Players Defense
Defense Defense Time % Phy DF OF
1 Evan Bouchard Alexander Alexeyev 60 1 2 2
2 Michael Anderson Gustav Olofsson 40 1 2 2
4 vs 4 Forward
Center Wing Time % Phy DF OF
1 Nick Shore Klim Kostin 60 1 2 2
2 Ryan McLeod Taro Hirose 40 1 2 2
4 vs 4 Defense
Defense Defense Time % Phy DF OF
1 Evan Bouchard Alexander Alexeyev 60 1 2 2
2 Michael Anderson Gustav Olofsson 40 1 2 2
Last Minutes Offensive
Center Left Wing Right Wing Defense Defense
Nick Shore Klim Kostin Martin Frk Evan Bouchard Alexander Alexeyev
Last Minutes Defensive
Center Left Wing Right Wing Defense Defense
Nick Shore Klim Kostin Martin Frk Evan Bouchard Alexander Alexeyev
Goaltenders
Starting : Stuart Skinner
Backup : Jaxson Stauber
Extra Forwards
Normal : Taro Hirose, Pontus Holmberg, Connor McMichael - PP : Taro Hirose, Pontus Holmberg - PK : Taro Hirose
Extra Defensemen
Normal : Gustav Olofsson, Jordan Spence, Nikolai Knyzhov - PP : Gustav Olofsson - PK : Gustav Olofsson, Jordan Spence
Penalty Shots
Martin Frk, Nick Shore, Klim Kostin, Cody Glass, Taro Hirose
Custom OT Lines Forwards
Martin Frk, Nick Shore, Klim Kostin, Cody Glass, Taro Hirose, Pontus Holmberg, Connor McMichael, Ryan McLeod, Colin White, Connor Hurley
Custom OT Lines Defensemen
Evan Bouchard, Alexander Alexeyev, Michael Anderson, Gustav Olofsson, Jordan Spence
Scratches
Cole Cassels (Healthy), Semyon Der-Arguchintsev (Healthy), Jan Mysak (Healthy), Ronan Seeley (Healthy), Roni Hirvonen (Healthy)
Jeremy Gregoire (Healthy), Roby Jarventie (Healthy), Jordan Subban (Healthy), Robin Salo (Healthy), Filip Kral (Healthy)
Brayden Pachal (Healthy), Remi Elie (Healthy), Filip Johansson (Healthy), Jonny Tychonick (Healthy), Lucas Johansen (Healthy)
Cole Fonstad (Healthy), Jack Perbix (Healthy), Raphael Lavoie (Healthy), Filip Cederqvist (Healthy), Michael Dipietro (Healthy)
% Time on Ice - Bears
Lines # - Real PCT - Wanted PCT - Time Play
Normal Forward
1 - 37% - 40% - 21:15
2 - 27% - 30% - 15:21
3 - 20% - 20% - 11:40
4 - 16% - 10% - 9:00
Normal Defense
1 - 37% - 40% - 21:11
2 - 33% - 30% - 18:42
3 - 23% - 20% - 13:16
4 - 7% - 10% - 4:07
PP Forward
1 - 58% - 60% - 1:34
2 - 42% - 40% - 1:08
PP Defense
1 - 53% - 60% - 1:26
2 - 47% - 40% - 1:16
PK Forward
1 - 100% - 60% - 0:02
2 - 0% - 40% - 0:00
PK Defense
1 - 100% - 60% - 0:02
2 - 0% - 40% - 0:00
PK3 Forward
1 - 0% - 60%
2 - 0% - 40%
PK3 Defense
1 - 0% - 60%
2 - 0% - 40%
44 Forward
1 - 0% - 60%
2 - 0% - 40%
44 Defense
1 - 0% - 60%
2 - 0% - 40%
Last Minute Offensive - 0:00
Last Minute Defensive - 0:00
Total
Forward - 60:00
Defense - 60:00
|
% Time on Ice - Condors
Lines # - Real PCT - Wanted PCT - Time Play
Normal Forward
1 - 36% - 40% - 20:52
2 - 28% - 30% - 15:54
3 - 21% - 20% - 12:08
4 - 15% - 10% - 8:22
Normal Defense
1 - 37% - 40% - 21:21
2 - 32% - 30% - 18:31
3 - 24% - 20% - 13:39
4 - 7% - 10% - 3:45
PP Forward
1 - 100% - 60% - 0:02
2 - 0% - 40% - 0:00
PP Defense
1 - 100% - 60% - 0:02
2 - 0% - 40% - 0:00
PK Forward
1 - 83% - 60% - 2:15
2 - 17% - 40% - 0:27
PK Defense
1 - 83% - 60% - 2:15
2 - 17% - 40% - 0:27
PK3 Forward
1 - 0% - 60%
2 - 0% - 40%
PK3 Defense
1 - 0% - 60%
2 - 0% - 40%
44 Forward
1 - 0% - 60%
2 - 0% - 40%
44 Defense
1 - 0% - 60%
2 - 0% - 40%
Last Minute Offensive - 0:00
Last Minute Defensive - 0:00
Total
Forward - 60:00
Defense - 60:00
|
Play-by-Play
1st period
0:01 of 1st period - Tanner Laczynski wins face-off versus Nick Shore in neutral zone.
0:14 of 1st period - Wrist shot by Tanner Laczynski.
0:14 of 1st period - Stopped by Stuart Skinner with a rebound.
1:15 of 1st period - Snap shot by Vladimir Tkachev.
1:15 of 1st period - Shot Misses the Net.
1:17 of 1st period - Snap shot by Vladimir Tkachev.
1:17 of 1st period - Stopped by Stuart Skinner without a rebound.
1:18 of 1st period - Nicholas Caamano wins face-off versus Nick Shore in Condors zone.
1:59 of 1st period - Icing by Cody Glass.
2:00 of 1st period - Cole Smith wins face-off versus Ryan McLeod in Condors zone.
2:09 of 1st period - Slapshot by Kevin Rooney.
2:09 of 1st period - Stopped by Stuart Skinner with a rebound.
2:51 of 1st period - Colin White is hit by Tommy Vannelli and loses puck.
2:58 of 1st period - Wrist shot by Eric Karlsson.
2:58 of 1st period - Stopped by Stuart Skinner with a rebound.
3:00 of 1st period - Backhand shot by Michael Prapavessis.
3:00 of 1st period - Shot Blocked by Pontus Holmberg.
3:02 of 1st period - Slapshot by Eric Karlsson.
3:02 of 1st period - Shot Misses the Net.
3:04 of 1st period - Slapshot by Michael Prapavessis.
3:04 of 1st period - Shot Misses the Net.
3:22 of 1st period - Snap shot by Cole Smith.
3:22 of 1st period - Shot Blocked by Evan Bouchard.
3:24 of 1st period - Snap shot by Kevin Rooney.
3:24 of 1st period - Shot Misses the Net.
3:33 of 1st period - Icing by Alexander Alexeyev.
3:34 of 1st period - Connor Hurley wins face-off versus Tanner Laczynski in Condors zone.
3:59 of 1st period - Nick Shore is hit by Cole Smith and loses puck.
4:09 of 1st period - Off-side.
4:10 of 1st period - Tanner Laczynski wins face-off versus Ryan McLeod in neutral zone.
4:45 of 1st period - Snap shot by Vladimir Tkachev.
4:45 of 1st period - Stopped by Stuart Skinner with a rebound.
5:44 of 1st period - Snap shot by Cody Glass.
5:44 of 1st period - Shot Misses the Net.
5:46 of 1st period - Slapshot by Michael Anderson.
5:46 of 1st period - Stopped by Garret Sparks with a rebound.
6:46 of 1st period - Backhand shot by Eric Karlsson.
6:46 of 1st period - Shot Misses the Net.
6:48 of 1st period - Slapshot by Tommy Vannelli.
6:48 of 1st period - Shot Misses the Net.
7:20 of 1st period - Tommy Vannelli is hit by Evan Bouchard.
7:30 of 1st period - Snap shot by Nick Shore.
7:30 of 1st period - Shot Blocked by Tommy Vannelli.
7:32 of 1st period - Slapshot by Martin Frk.
7:32 of 1st period - Deflect By Nick Shore.
7:32 of 1st period - Shot Misses the Net.
7:32 of 1st period - Puck is out of play.
7:33 of 1st period - Kevin Rooney wins face-off versus Nick Shore in Bears zone.
7:50 of 1st period - Off-side.
7:51 of 1st period - Ryan McLeod wins face-off versus Kirill Maksimov in neutral zone.
8:00 of 1st period - Wrist shot by Kirill Maksimov.
8:00 of 1st period - Stopped by Stuart Skinner with a rebound.
8:02 of 1st period - Wrist shot by Will Reilly.
8:02 of 1st period - Stopped by Stuart Skinner without a rebound.
8:03 of 1st period - Tanner Laczynski wins face-off versus Nick Shore in Condors zone.
8:04 of 1st period - Snap shot by Cole Ully.
8:04 of 1st period - Deflect By Tanner Laczynski.
8:04 of 1st period - Stopped by Stuart Skinner with a rebound.
9:21 of 1st period - Snap shot by Connor Hurley.
9:21 of 1st period - Shot Blocked by Jesper Pettersson.
9:49 of 1st period - Snap shot by Martin Frk.
9:49 of 1st period - Deflect By Klim Kostin.
9:49 of 1st period - Stopped by Garret Sparks with a rebound.
9:51 of 1st period - Snap shot by Nick Shore.
9:51 of 1st period - Shot Misses the Net.
11:31 of 1st period - Slapshot by Cole Smith.
11:31 of 1st period - Stopped by Stuart Skinner with a rebound.
11:33 of 1st period - Wrist shot by Cole Smith.
11:33 of 1st period - Stopped by Stuart Skinner with a rebound.
11:43 of 1st period - Jordan Spence is hit by Eric Karlsson and loses puck.
11:52 of 1st period - Wrist shot by Eric Karlsson.
11:52 of 1st period - Stopped by Stuart Skinner with a rebound.
12:10 of 1st period - Slapshot by Nick Shore.
12:10 of 1st period - Shot Misses the Net.
12:12 of 1st period - Slapshot by Nikolai Knyzhov.
12:12 of 1st period - Shot Hit the Post.
12:26 of 1st period - Wrist shot by Michael Anderson.
12:26 of 1st period - Shot Misses the Net.
12:28 of 1st period - Wrist shot by Taro Hirose.
12:28 of 1st period - Stopped by Garret Sparks without a rebound.
12:29 of 1st period - Tanner Laczynski wins face-off versus Taro Hirose in Bears zone.
12:35 of 1st period - Snap shot by Nicholas Caamano.
12:35 of 1st period - Goal by Nicholas Caamano - Bears : 1 - Condors : 0.
12:36 of 1st period - Nick Shore wins face-off versus Cole Ully in neutral zone.
13:18 of 1st period - Icing by Evan Bouchard.
13:19 of 1st period - Colin White wins face-off versus Vincent Dunn in Condors zone.
13:50 of 1st period - Snap shot by Nick Shore.
13:50 of 1st period - Stopped by Garret Sparks with a rebound.
13:52 of 1st period - Slapshot by Nick Shore.
13:52 of 1st period - Stopped by Garret Sparks with a rebound.
13:54 of 1st period - Wrist shot by Klim Kostin.
13:54 of 1st period - Goal by Klim Kostin - Bears : 1 - Condors : 1.
13:55 of 1st period - Tanner Laczynski wins face-off versus Nick Shore in neutral zone.
14:02 of 1st period - Snap shot by Tanner Laczynski.
14:02 of 1st period - Stopped by Stuart Skinner with a rebound.
14:04 of 1st period - Wrist shot by Tommy Vannelli.
14:04 of 1st period - Stopped by Stuart Skinner with a rebound.
14:06 of 1st period - Snap shot by Nicholas Caamano.
14:06 of 1st period - Stopped by Stuart Skinner with a rebound.
14:20 of 1st period - Cole Smith is hit by Ryan McLeod.
14:24 of 1st period - Snap shot by Cody Glass.
14:24 of 1st period - Shot Blocked by Tommy Vannelli.
14:56 of 1st period - Minor Penalty to Dylan Holloway for High sticking.
14:57 of 1st period - Nick Shore wins face-off versus Tanner Laczynski in Condors zone.
15:37 of 1st period - Snap shot by Cole Smith.
15:37 of 1st period - Shot Blocked by Alexander Alexeyev.
15:39 of 1st period - Snap shot by Kevin Rooney.
15:39 of 1st period - Goal by Kevin Rooney - Bears : 2 - Condors : 1.
15:40 of 1st period - Ryan McLeod wins face-off versus Tanner Laczynski in neutral zone.
16:11 of 1st period - Snap shot by Kevin Rooney.
16:11 of 1st period - Shot Hit the Post.
16:13 of 1st period - Wrist shot by Emil Johansson.
16:13 of 1st period - Shot Blocked by Michael Anderson.
16:15 of 1st period - Snap shot by Kevin Rooney.
16:15 of 1st period - Stopped by Stuart Skinner without a rebound.
16:16 of 1st period - Nick Shore wins face-off versus Tanner Laczynski in Condors zone.
17:57 of 1st period - Slapshot by Michael Anderson.
17:57 of 1st period - Shot Misses the Net.
17:59 of 1st period - Wrist shot by Michael Anderson.
17:59 of 1st period - Goal by Michael Anderson - Bears : 2 - Condors : 2.
18:00 of 1st period - Tanner Laczynski wins face-off versus Nick Shore in neutral zone.
18:28 of 1st period - Off-side.
18:29 of 1st period - Kevin Rooney wins face-off versus Ryan McLeod in neutral zone.
19:06 of 1st period - Snap shot by Tanner Laczynski.
19:06 of 1st period - Shot Misses the Net.
Goals for this period are 2 for Bears vs 2 for Condors.
Shots for this period are 17 for Bears vs 7 for Condors.
2nd period
0:01 of 2nd period - Tanner Laczynski wins face-off versus Nick Shore in neutral zone.
0:03 of 2nd period - Tommy Vannelli is hit by Evan Bouchard and loses puck.
0:13 of 2nd period - Minor Penalty to Evan Bouchard for Interference.
0:14 of 2nd period - Tanner Laczynski wins face-off versus Nick Shore in Condors zone.
2:13 of 2nd period - Penalty to Evan Bouchard is over, Evan Bouchard is back on ice.
2:19 of 2nd period - Evan Bouchard is hit by Blake Speers and loses puck.
2:34 of 2nd period - Snap shot by Taro Hirose.
2:34 of 2nd period - Goal by Taro Hirose - Bears : 2 - Condors : 3.
2:35 of 2nd period - Nick Shore wins face-off versus Tanner Laczynski in neutral zone.
2:38 of 2nd period - Snap shot by Nick Shore.
2:38 of 2nd period - Shot Misses the Net.
2:40 of 2nd period - Slapshot by Evan Bouchard.
2:40 of 2nd period - Shot Blocked by Michael Prapavessis.
2:42 of 2nd period - Slapshot by Alexander Alexeyev.
2:42 of 2nd period - Shot Blocked by Tommy Vannelli.
2:48 of 2nd period - Slapshot by Nick Shore.
2:48 of 2nd period - Stopped by Garret Sparks with a rebound.
2:50 of 2nd period - Snap shot by Klim Kostin.
2:50 of 2nd period - Shot Blocked by Tommy Vannelli.
3:07 of 2nd period - Slapshot by Cody Glass.
3:07 of 2nd period - Stopped by Garret Sparks with a rebound.
3:27 of 2nd period - Nikolai Knyzhov is hit by Vincent Dunn.
3:33 of 2nd period - Kirill Maksimov is hit by Taro Hirose and loses puck.
3:40 of 2nd period - Tyson Foerster is hit by Vincent Dunn and loses puck.
3:51 of 2nd period - Isaac Ratcliffe is hit by Nick Shore.
5:12 of 2nd period - Wrist shot by Connor Hurley.
5:12 of 2nd period - Stopped by Garret Sparks with a rebound.
5:32 of 2nd period - Wrist shot by Ryan McLeod.
5:32 of 2nd period - Stopped by Garret Sparks with a rebound.
5:34 of 2nd period - Snap shot by Cody Glass.
5:34 of 2nd period - Stopped by Garret Sparks with a rebound.
5:36 of 2nd period - Slapshot by Jordan Spence.
5:36 of 2nd period - Deflect By Cody Glass.
5:36 of 2nd period - Shot Misses the Net.
5:36 of 2nd period - Puck is out of play.
5:37 of 2nd period - Tanner Laczynski wins face-off versus Nick Shore in Bears zone.
6:04 of 2nd period - Nathan Bastian is hit by Ryan McLeod and loses puck.
6:15 of 2nd period - Cody Glass is hit by Kevin Rooney and loses puck.
6:39 of 2nd period - Snap shot by Ryan McLeod.
6:39 of 2nd period - Shot Misses the Net.
6:41 of 2nd period - Slapshot by Michael Anderson.
6:41 of 2nd period - Stopped by Garret Sparks with a rebound.
6:43 of 2nd period - Slapshot by Connor McMichael.
6:43 of 2nd period - Shot Misses the Net.
6:49 of 2nd period - Snap shot by Cody Glass.
6:49 of 2nd period - Shot Misses the Net.
6:53 of 2nd period - Wrist shot by Cody Glass.
6:53 of 2nd period - Stopped by Garret Sparks with a rebound.
6:55 of 2nd period - Slapshot by Cody Glass.
6:55 of 2nd period - Stopped by Garret Sparks without a rebound.
6:56 of 2nd period - Nick Shore wins face-off versus Tanner Laczynski in Bears zone.
6:57 of 2nd period - Snap shot by Martin Frk.
6:57 of 2nd period - Stopped by Garret Sparks without a rebound.
6:58 of 2nd period - Nick Shore wins face-off versus Tanner Laczynski in Bears zone.
8:18 of 2nd period - Wrist shot by Martin Frk.
8:18 of 2nd period - Shot Blocked by Cole Smith.
9:12 of 2nd period - Slapshot by Tommy Vannelli.
9:12 of 2nd period - Deflect By Blake Speers.
9:12 of 2nd period - Shot Misses the Net.
9:12 of 2nd period - Puck is out of play.
9:13 of 2nd period - Tanner Laczynski wins face-off versus Nick Shore in Condors zone.
9:14 of 2nd period - Snap shot by Nicholas Caamano.
9:14 of 2nd period - Stopped by Stuart Skinner with a rebound.
9:16 of 2nd period - Slapshot by Tanner Laczynski.
9:16 of 2nd period - Shot Misses the Net.
9:18 of 2nd period - Snap shot by Ryan Graves.
9:18 of 2nd period - Stopped by Stuart Skinner without a rebound.
9:19 of 2nd period - Nick Shore wins face-off versus Tanner Laczynski in Condors zone.
9:26 of 2nd period - Snap shot by Martin Frk.
9:26 of 2nd period - Stopped by Garret Sparks with a rebound.
9:34 of 2nd period - Slapshot by Cole Ully.
9:34 of 2nd period - Shot Misses the Net.
9:44 of 2nd period - Snap shot by Eric Karlsson.
9:44 of 2nd period - Stopped by Stuart Skinner with a rebound.
10:50 of 2nd period - Snap shot by Dylan Holloway.
10:50 of 2nd period - Shot Misses the Net.
10:56 of 2nd period - Snap shot by Tanner Laczynski.
10:56 of 2nd period - Goal by Tanner Laczynski - Bears : 3 - Condors : 3.
10:57 of 2nd period - Tanner Laczynski wins face-off versus Ryan McLeod in neutral zone.
13:13 of 2nd period - Snap shot by Vladimir Tkachev.
13:13 of 2nd period - Stopped by Stuart Skinner with a rebound.
13:15 of 2nd period - Wrist shot by Isaac Ratcliffe.
13:15 of 2nd period - Shot Blocked by Nikolai Knyzhov.
13:25 of 2nd period - Ryan Graves is hit by Tyson Foerster and loses puck.
13:46 of 2nd period - Nikolai Knyzhov is hit by Nicholas Caamano and loses puck.
15:08 of 2nd period - Minor Penalty to Nicholas Caamano for Delaying the game.
15:09 of 2nd period - Nick Shore wins face-off versus Tanner Laczynski in Bears zone.
15:10 of 2nd period - Wrist shot by Martin Frk.
15:10 of 2nd period - Goal by Martin Frk - Bears : 3 - Condors : 4.
15:11 of 2nd period - Tanner Laczynski wins face-off versus Nick Shore in neutral zone.
15:46 of 2nd period - Kevin Rooney is hit by Alexander Alexeyev and loses puck.
16:04 of 2nd period - Snap shot by Eric Karlsson.
16:04 of 2nd period - Shot Misses the Net.
16:06 of 2nd period - Snap shot by Eric Karlsson.
16:06 of 2nd period - Goal by Eric Karlsson - Bears : 4 - Condors : 4.
16:07 of 2nd period - Nick Shore wins face-off versus Tanner Laczynski in neutral zone.
16:14 of 2nd period - Wrist shot by Tanner Laczynski.
16:14 of 2nd period - Stopped by Stuart Skinner without a rebound.
16:15 of 2nd period - Nick Shore wins face-off versus Tanner Laczynski in Condors zone.
16:37 of 2nd period - Icing by Alexander Alexeyev.
16:38 of 2nd period - Kevin Rooney wins face-off versus Ryan McLeod in Condors zone.
16:43 of 2nd period - Snap shot by Kevin Rooney.
16:43 of 2nd period - Stopped by Stuart Skinner without a rebound.
16:44 of 2nd period - Ryan McLeod wins face-off versus Kevin Rooney in Condors zone.
17:46 of 2nd period - Snap shot by Connor McMichael.
17:46 of 2nd period - Stopped by Garret Sparks without a rebound.
17:47 of 2nd period - Nick Shore wins face-off versus Tanner Laczynski in Bears zone.
18:00 of 2nd period - Slapshot by Nick Shore.
18:00 of 2nd period - Shot Misses the Net.
18:02 of 2nd period - Slapshot by Nikolai Knyzhov.
18:02 of 2nd period - Stopped by Garret Sparks with a rebound.
18:04 of 2nd period - Slapshot by Jordan Spence.
18:04 of 2nd period - Stopped by Garret Sparks with a rebound.
18:25 of 2nd period - Icing by Colin White.
18:26 of 2nd period - Pontus Holmberg wins face-off versus Tanner Laczynski in Condors zone.
18:49 of 2nd period - Wrist shot by Dylan Holloway.
18:49 of 2nd period - Stopped by Garret Sparks with a rebound.
18:51 of 2nd period - Slapshot by Jordan Spence.
18:51 of 2nd period - Stopped by Garret Sparks with a rebound.
18:53 of 2nd period - Wrist shot by Dylan Holloway.
18:53 of 2nd period - Shot Misses the Net.
19:30 of 2nd period - Snap shot by Pontus Holmberg.
19:30 of 2nd period - Stopped by Garret Sparks without a rebound.
19:31 of 2nd period - Kevin Rooney wins face-off versus Martin Frk in Bears zone.
Goals for this period are 2 for Bears vs 2 for Condors.
Shots for this period are 8 for Bears vs 18 for Condors.
3rd period
0:01 of 3rd period - Martin Frk wins face-off versus Tanner Laczynski in neutral zone.
0:08 of 3rd period - Slapshot by Evan Bouchard.
0:08 of 3rd period - Shot Blocked by Tanner Laczynski.
0:26 of 3rd period - Ryan McLeod is hit by Kevin Rooney and loses puck.
0:37 of 3rd period - Cole Smith is hit by Ryan McLeod and loses puck.
0:48 of 3rd period - Snap shot by Taro Hirose.
0:48 of 3rd period - Shot Blocked by Eric Karlsson.
1:02 of 3rd period - Taro Hirose is hit by Kirill Maksimov and loses puck.
1:15 of 3rd period - Slapshot by Blake Speers.
1:15 of 3rd period - Shot Blocked by Klim Kostin.
1:58 of 3rd period - Backhand shot by Cole Smith.
1:58 of 3rd period - Shot Misses the Net.
2:00 of 3rd period - Snap shot by Nathan Bastian.
2:00 of 3rd period - Shot Misses the Net.
2:10 of 3rd period - Kirill Maksimov is hit by Connor Hurley and loses puck.
2:37 of 3rd period - Slapshot by Tommy Vannelli.
2:37 of 3rd period - Shot Misses the Net.
2:55 of 3rd period - Snap shot by Cody Glass.
2:55 of 3rd period - Shot Misses the Net.
2:57 of 3rd period - Slapshot by Ryan McLeod.
2:57 of 3rd period - Deflect By Cody Glass.
2:57 of 3rd period - Goal by Cody Glass - Bears : 4 - Condors : 5.
2:58 of 3rd period - Cole Ully wins face-off versus Martin Frk in neutral zone.
3:25 of 3rd period - Ryan McLeod is hit by Cole Smith and loses puck.
3:43 of 3rd period - Emil Johansson is hit by Nikolai Knyzhov.
4:13 of 3rd period - Snap shot by Blake Speers.
4:13 of 3rd period - Shot Blocked by Connor Hurley.
4:15 of 3rd period - Slapshot by Vladimir Tkachev.
4:15 of 3rd period - Stopped by Stuart Skinner with a rebound.
4:17 of 3rd period - Wrist shot by Blake Speers.
4:17 of 3rd period - Shot Misses the Net.
4:33 of 3rd period - Snap shot by Cole Ully.
4:33 of 3rd period - Stopped by Stuart Skinner without a rebound.
4:34 of 3rd period - Martin Frk wins face-off versus Tanner Laczynski in Condors zone.
4:43 of 3rd period - Snap shot by Nick Shore.
4:43 of 3rd period - Deflect By Martin Frk.
4:43 of 3rd period - Shot Misses the Net.
4:43 of 3rd period - Puck is out of play.
4:44 of 3rd period - Tanner Laczynski wins face-off versus Nick Shore in Bears zone.
4:44 of 3rd period - Tanner Laczynski is hit by Evan Bouchard.
5:25 of 3rd period - Tommy Vannelli is hit by Alexander Alexeyev and loses puck.
5:56 of 3rd period - Wrist shot by Martin Frk.
5:56 of 3rd period - Shot Blocked by Tanner Laczynski.
6:16 of 3rd period - Slapshot by Martin Frk.
6:16 of 3rd period - Stopped by Garret Sparks without a rebound.
6:17 of 3rd period - Kevin Rooney wins face-off versus Ryan McLeod in Bears zone.
6:42 of 3rd period - Gustav Olofsson is hit by Jesper Pettersson.
6:46 of 3rd period - Wrist shot by Vladimir Tkachev.
6:46 of 3rd period - Stopped by Stuart Skinner with a rebound.
6:54 of 3rd period - Snap shot by Cody Glass.
6:54 of 3rd period - Stopped by Garret Sparks without a rebound.
6:55 of 3rd period - Colin White wins face-off versus Kevin Rooney in Bears zone.
7:10 of 3rd period - Slapshot by Pontus Holmberg.
7:10 of 3rd period - Goal by Pontus Holmberg - Bears : 4 - Condors : 6.
7:10 of 3rd period - Artyom Zagidulin enters game.
7:11 of 3rd period - Kevin Rooney wins face-off versus Ryan McLeod in neutral zone.
8:00 of 3rd period - Nicholas Caamano is hit by Nick Shore and loses puck.
8:25 of 3rd period - Backhand shot by Will Reilly.
8:25 of 3rd period - Deflect By Isaac Ratcliffe.
8:25 of 3rd period - Shot Blocked by Connor Hurley.
8:25 of 3rd period - Puck is out of play.
8:26 of 3rd period - Nick Shore wins face-off versus Tanner Laczynski in Condors zone.
8:39 of 3rd period - Slapshot by Cole Ully.
8:39 of 3rd period - Shot Blocked by Nick Shore.
8:41 of 3rd period - Slapshot by Nicholas Caamano.
8:41 of 3rd period - Deflect By Tanner Laczynski.
8:41 of 3rd period - Bears goal is going for a video replay.
8:41 of 3rd period - The goal is good.
8:41 of 3rd period - Goal by Tanner Laczynski - Bears : 5 - Condors : 6.
8:42 of 3rd period - Nick Shore wins face-off versus Tanner Laczynski in neutral zone.
9:29 of 3rd period - Snap shot by Pontus Holmberg.
9:29 of 3rd period - Shot Misses the Net.
9:37 of 3rd period - Wrist shot by Vincent Dunn.
9:37 of 3rd period - Stopped by Stuart Skinner with a rebound.
10:07 of 3rd period - Off-side.
10:08 of 3rd period - Nick Shore wins face-off versus Tanner Laczynski in neutral zone.
10:17 of 3rd period - Wrist shot by Nick Shore.
10:17 of 3rd period - Shot Blocked by Tommy Vannelli.
10:55 of 3rd period - Wrist shot by Cody Glass.
10:55 of 3rd period - Shot Blocked by Ryan Graves.
10:57 of 3rd period - Wrist shot by Cody Glass.
10:57 of 3rd period - Goal by Cody Glass - Bears : 5 - Condors : 7.
10:58 of 3rd period - Martin Frk wins face-off versus Tanner Laczynski in neutral zone.
12:31 of 3rd period - Gustav Olofsson is hit by Nicholas Caamano and loses puck.
13:27 of 3rd period - Slapshot by Evan Bouchard.
13:27 of 3rd period - Stopped by Artyom Zagidulin without a rebound.
13:28 of 3rd period - Nick Shore wins face-off versus Tanner Laczynski in Bears zone.
13:33 of 3rd period - Snap shot by Nick Shore.
13:33 of 3rd period - Stopped by Artyom Zagidulin with a rebound.
13:35 of 3rd period - Slapshot by Alexander Alexeyev.
13:35 of 3rd period - Shot Blocked by Jesper Pettersson.
13:43 of 3rd period - Backhand shot by Nick Shore.
13:43 of 3rd period - Stopped by Artyom Zagidulin with a rebound.
13:45 of 3rd period - Slapshot by Evan Bouchard.
13:45 of 3rd period - Stopped by Artyom Zagidulin with a rebound.
13:55 of 3rd period - Alexander Alexeyev is hit by Nathan Bastian and loses puck.
14:28 of 3rd period - Wrist shot by Eric Karlsson.
14:28 of 3rd period - Stopped by Stuart Skinner with a rebound.
15:00 of 3rd period - Snap shot by Vladimir Tkachev.
15:00 of 3rd period - Stopped by Stuart Skinner without a rebound.
15:01 of 3rd period - Nick Shore wins face-off versus Blake Speers in Condors zone.
15:10 of 3rd period - Vladimir Tkachev is hit by Martin Frk and loses puck.
15:21 of 3rd period - Klim Kostin is hit by Vladimir Tkachev and loses puck.
15:44 of 3rd period - Slapshot by Vladimir Tkachev.
15:44 of 3rd period - Stopped by Stuart Skinner with a rebound.
15:46 of 3rd period - Wrist shot by Isaac Ratcliffe.
15:46 of 3rd period - Stopped by Stuart Skinner without a rebound.
15:47 of 3rd period - Vincent Dunn wins face-off versus Cody Glass in Condors zone.
15:48 of 3rd period - Wrist shot by Tommy Vannelli.
15:48 of 3rd period - Shot Blocked by Alexander Alexeyev.
15:56 of 3rd period - Snap shot by Evan Bouchard.
15:56 of 3rd period - Shot Blocked by Michael Prapavessis.
15:58 of 3rd period - Snap shot by Ryan McLeod.
15:58 of 3rd period - Stopped by Artyom Zagidulin with a rebound.
16:37 of 3rd period - Michael Prapavessis is hit by Dylan Holloway and loses puck.
16:58 of 3rd period - Jordan Spence is hit by Michael Prapavessis and loses puck.
17:18 of 3rd period - Off-side.
17:19 of 3rd period - Vincent Dunn wins face-off versus Nick Shore in neutral zone.
17:53 of 3rd period - Snap shot by Tanner Laczynski.
17:53 of 3rd period - Stopped by Stuart Skinner with a rebound.
19:51 of 3rd period - Nikolai Knyzhov is hit by Eric Karlsson and loses puck.
Goals for this period are 1 for Bears vs 3 for Condors.
Shots for this period are 10 for Bears vs 10 for Condors.